 Dungeon Crawl Stone Soup version 0.25-a0-424-g80bd347ae0 (webtiles) character file.

Game seed: 17058764150794883014, levelgen mode: deterministic

1149 Lugonue the Slasher (level 8, 0/66 HPs)
             Began as a Demonspawn Gladiator on Jan 22, 2020.
             Slain by a hornet (13 damage)
             ... while paralysed by a hornet
             ... on level 8 of the Dungeon.
             The game lasted 00:09:36 (4266 turns).

Lugonue the Slasher (Demonspawn Gladiator)          Turns: 4266, Time: 00:09:36

Health: 0/66       AC:  9    Str: 19    XL:     8   Next: 15%
Magic:  8/8        EV:  2    Int:  9    God:
Gold:   260        SH:  0    Dex: 18    Spells: 7/7 levels left

rFire    . . .     SeeInvis .   a - +0 long sword
rCold    . . .     Gourm    .   (no shield)
rNeg     . . .     Faith    .   h - +3 leather armour
rPois    .         Spirit   .   c - +2 helmet
rElec    .         Reflect  .   (no cloak)
rCorr    .         Harm     .   (no gloves)
MR       +....                  (no boots)
Stlth    ++++......             (no amulet)
HPRegen  0.21/turn              m - +3 ring of strength
MPRegen  0.11/turn              j - +2 ring of dexterity

@: paralysed, slowed
A: claws 1, talons 1, magic resistance 1, nightstalker 2, robust 1
a: no special abilities


You were on level 8 of the Dungeon.
You were not hungry.

You visited 1 branch of the dungeon, and saw 7 of its levels.

You collected 260 gold pieces.

Inventory:

Hand Weapons
 a - a +0 long sword (weapon)
 p - a +0 vampiric dagger
Missiles
 d - a throwing net (quivered)
Armour
 c - a +2 helmet (worn)
 h - a +3 leather armour (worn)
Jewellery
 j - a +2 ring of dexterity (right claw)
 k - an uncursed ring of ice
 m - a +3 ring of strength (left claw)
 q - a +3 amulet of reflection {unknown}
Scrolls
 b - a scroll of fog {unknown}
 e - a scroll of fear {unknown}
 g - 3 scrolls of magic mapping {unknown}
 l - a scroll of enchant armour
 n - 2 scrolls of enchant weapon {unknown}
 o - 2 scrolls of identify
 s - a scroll of remove curse
Potions
 i - 4 potions of curing
 r - a potion of might {unknown}
 t - a potion of lignification
Comestibles
 f - 9 rations


   Skills:
 + Level 4.3 Fighting
 + Level 6.4 Long Blades
 + Level 2.0 Throwing
 + Level 3.5 Armour
 + Level 4.3 Dodging
 - Level 2.0 Stealth


You had 7 spell levels left.
You didn't know any spells.
Your spell library contained the following spells:

 Spells                   Type           Power        Failure   Level  Hunger
 Animate Skeleton         Necr           N/A          43%         1    ##.....
 Apportation              Tloc           #.....       43%         1    ##.....
 Corona                   Hex            #......      43%         1    ##.....
 Summon Small Mammal      Summ           #...         43%         1    ##.....


Dungeon Overview and Level Annotations

Branches:
Dungeon (8/15)
 Temple: D:4-7         Lair: D:8-11

Altars:
Ashenzari
Fedhas
Makhleb
Okawaru
Uskayaw

Shops:
D:5 ?


Innate Abilities, Weirdness & Mutations

You have sharp toenails.
You are significantly more attuned to the shadows.
You have sharp fingernails.
You are resistant to hostile enchantments. (MR+)
You are robust. (+10% HP)


Message History

The hornet barely misses you. The hornet misses you. The hornet stings you!
You feel as though you will be slow longer.
You barely miss the hornet.
The hornet is heavily wounded.
The hornet stings you but does no damage.
The hornet barely misses you.
You hit the hornet. You claw the hornet, but do no damage.
The hornet is severely wounded.
The hornet stings you!
You feel as though you will be slow longer.
The hornet stings you but does no damage.
The hornet stings you!
You suddenly lose the ability to move!
The hornet stings you!
* * * LOW HITPOINT WARNING * * *
You feel as though you will be slow longer.
The hornet stings you.
* * * LOW HITPOINT WARNING * * *
You feel as though you will be slow longer.
The hornet stings you!
You die...

.......S.. .........
......... ... #Y.......
.. #........ #.#
#........
####.######........
.######<....@yr..........
.....<..#.####Y..........
.########.###..##........
##.##..###........
#..#..## ######.##
#....## .# ######


You could see a hornet, an ice beast and a quokka.

Vanquished Creatures
  A hungry ghost (D:7)
  A sky beast (D:7)
  A necrophage (D:7)
  An ogre (D:7)
  A scorpion (D:7)
  3 crimson imps
  7 orc priests
  2 hounds
  3 orc wizards
  Natasha (thrice) (D:3)
  A worker ant (D:7)
  5 adders
  A shadow imp (D:7)
  An ooze (D:1)
  2 worms
  3 dart slugs
  3 leopard geckos
  15 orcs
  3 bats
  A giant cockroach (D:1)
  7 goblins
  9 hobgoblins
  6 jackals
  A quokka (D:2)
  A ball python (D:2)
  3 frilled lizards
  6 kobolds
  7 rats
98 creatures vanquished.

Vanquished Creatures (others)
  4 toadstools (D:1)
4 creatures vanquished.

Grand Total: 102 creatures vanquished

Notes
Turn   | Place    | Note
-------+----------+-------------------------------------------
     0 | D:1      | Lugonue the Demonspawn Gladiator began the quest for the
                  | Orb.
     0 | D:1      | Reached XP level 1. HP: 16/16 MP: 1/1
   101 | D:1      | Reached skill level 3 in Long Blades
   101 | D:1      | Gained mutation: You are slightly more attuned to the
                  | shadows. [demonic ancestry]
   101 | D:1      | Reached XP level 2. HP: 16/22 MP: 2/2
   476 | D:1      | Reached XP level 3. HP: 24/27 MP: 3/3
   567 | D:2      | Found a blossoming altar of Fedhas.
  1015 | D:2      | Gained mutation: You have sharp toenails. [demonic
                  | ancestry]
  1015 | D:2      | Reached XP level 4. HP: 23/34 MP: 4/4
  1094 | D:3      | Noticed Natasha
  1110 | D:3      | Killed Natasha
  1110 | D:3      | Reached skill level 1 in Armour
  1110 | D:3      | Reached skill level 1 in Stealth
  1341 | D:3      | Gained mutation: You are robust. (+10% HP) [potion of
                  | mutation]
  1341 | D:3      | Gained mutation: You have sharp fingernails. [potion of
                  | mutation]
  1341 | D:3      | Gained mutation: You are resistant to hostile enchantments.
                  | (MR+) [potion of mutation]
  1434 | D:3      | Noticed Natasha
  1440 | D:3      | Killed Natasha
  1528 | D:3      | Noticed Natasha
  1715 | D:3      | Killed Natasha
  1715 | D:3      | Reached skill level 4 in Long Blades
  1715 | D:3      | Gained mutation: You are significantly more attuned to the
                  | shadows. [demonic ancestry]
  1715 | D:3      | Reached XP level 5. HP: 39/42 MP: 5/5
  2161 | D:4      | Found a burning altar of Makhleb.
  2311 | D:4      | Reached XP level 6. HP: 28/50 MP: 6/6
  2319 | D:4      | HP: 2/50 [orc wizard/+0 mace (6)]
  2726 | D:5      | Entered Level 5 of the Dungeon
  2772 | D:5      | Found a hide-covered altar of Uskayaw.
  2819 | D:5      | Found Tiruz's Magic Scroll Boutique.
  2909 | D:5      | You fall into a shaft and drop 2 floors!
  3055 | D:7      | Reached skill level 5 in Long Blades
  3055 | D:7      | Reached XP level 7. HP: 30/56 MP: 7/7
  3157 | D:7      | Noticed a hungry ghost
  3486 | D:7      | Found a shattered altar of Ashenzari.
  3497 | D:7      | Found an iron altar of Okawaru.
  3942 | D:7      | Reached skill level 6 in Long Blades
  3963 | D:7      | Reached XP level 8. HP: 66/66 MP: 8/8
  4250 | D:8      | Noticed a hornet
  4264 | D:8      | Paralysed by a hornet for 3 turns
  4266 | D:8      | Slain by a hornet

Levels and vault maps discovered:
D:1:      ldierk_walled_garden_2, layout_basic
D:2:      layout_rooms, lemuel_crystal_altar, minivault_24
D:3:      layout_basic, first_ration, uniq_natasha
D:4:      layout_rooms, makhleb_heckhound_becter, kennysheep_generic_room_7
D:5:      layout_rooms, old_standard_altar, serial_shops, nicolae_shop_crystal,
          nicolae_tso_besieged_by_evil
D:7:      layout_loops_ring, amethyst_overflow_temple_binary
D:8:      layout_rooms, lemuel_doored_altar, david_lair_generic,
          grunt_ogre_cave, uniq_maurice

Skill      XL: |  1  2  3  4  5  6  7 |
---------------+----------------------+-----
Long Blades    | 3 4 5 6 |  6.4
Dodging        | 3 4 |  4.3
Armour         | 1 2 3 |  3.5
Stealth        | 1 2 |  2.0
Fighting       | 3 4 |  4.3
Throwing       | 2 |  2.0

Action                   |  1- 3 |  4- 6 |  7- 9 || total
-------------------------+-------+-------+-------++-------
Melee: Long sword        |    90 |   103 |    96 ||   289
       Kick              |       |    59 |    29 ||    88
       Dagger            |       |    30 |       ||    30
Throw: Throwing net      |     4 |       |     3 ||     7
  Use: Scroll            |       |     6 |     1 ||     7
       Potion            |       |     3 |     4 ||     7
 Stab: Sleeping          |     4 |     6 |     4 ||    14
       Held in net/web   |     1 |       |     2 ||     3
       Distracted        |       |     1 |       ||     1
  Eat: Ration            |       |     1 |     2 ||     3
       Chunk             |       |     4 |     1 ||     5
Armor: Leather armour    |    23 |    33 |    17 ||    73
       Skin              |       |       |     6 ||     6
Dodge: Dodged            |    73 |    76 |    49 ||   198
       Rpst.: Long sword |    21 |    33 |     9 ||    63

Table legend:
 A = Non-vault XP
 B = Vault XP
 C = Vault XP percentage of total XP
 D = Non-vault monster count
 E = Vault monster count
 F = Vault count percentage of total count
                 A         B        C        D         E       F
            +---------+---------+-------+---------+---------+-------
      Total |    1521 |     121 |   7.4 |      95 |       3 |   3.1
            +---------+---------+-------+---------+---------+-------
        D:1 |      52 |       0 |   0.0 |      24 |       0 |   0.0
        D:2 |      48 |       0 |   0.0 |      13 |       0 |   0.0
        D:3 |     109 |      36 |  24.8 |      18 |       1 |   5.3
        D:4 |     164 |      85 |  34.1 |      13 |       2 |  13.3
        D:5 |     111 |       0 |   0.0 |       6 |       0 |   0.0
        D:7 |    1037 |       0 |   0.0 |      21 |       0 |   0.0
            +---------+---------+-------+---------+---------+-------
